Arrhythmia, chaotic female vampiric Convict #-------------- ----------- #------- #.............| |..........## #......| |.[>.....%...| +.........| # #########)####%###|.....| ######.)......%....| |..........######## ###|.+...| # --------+-.--- |.........| # # # |......## ### |.<........##### ## |.....| ## ----------- # ......| ## ------- ## ## ## # ### #TB#################+ ## #@# # #%# # # # -%-.-- #########################################|....| #.+...| ------ Arrhythmia the Jail-bird Experience level: 9 Strength: 15 Dexterity: 17 Constitution: 17 Intelligence: 9 Wisdom: 9 Charisma: 9 Health: 0(89) Energy: 61(61) AC: 0 Gold: 955 Moves: 3711 Your Inventory: Coins $ - 955 gold pieces Amulets v - a blessed spiked amulet [of magical breathing] Armor l - an [uncursed] +0 hard hat [dwarvish iron helm] o - an [uncursed] +0 pair of hard shoes [iron] (being worn) r - an [uncursed] +0 dwarvish mithril-coat (being worn) u - an [uncursed] +0 hooded cloak [dwarvish] (being worn) G - an [uncursed] +0 leather hat [elven leather helm] (being worn) H - a cursed -1 blue and green shield [elven] (being worn) Scrolls j - a blessed scroll of teleportation k - a cursed scroll labeled GHOTI [of identify] p - an uncursed scroll of teleportation w - an uncursed scroll labeled LEP GEX VEN ZEA [of flood] C - an [uncursed] scroll labeled PRIRUTSENIE [of create monster] D - an [uncursed] scroll labeled ABRA KA DABRA [of remove curse] F - an [uncursed] scroll labeled KERNOD WEL [of scare monster] Potions A - a [cursed] potion of oil E - an [uncursed] potion of blindness Rings z - an uncursed [-1] ring called Slow digestion [of increase damage] (on right hand) Wands g - an uncursed wand of magic missile [0:4] y - an uncursed short wand [of speed monster (0:6)] Tools t - an uncursed [+0] pick-axe B - an [uncursed] magic marker [0:66] Spells known in the end: Name Level Category Fail Memory Your skills at the end: Fighting Skills Weapon Skills sling [Basic / Skilled] Spellcasting Skills Final Attributes: You were piously aligned. Hunger level was 187. Your alignment was 28 / 28. Monster difficulty range was 1 - 9. Level difficulty was 9. You were immune to poison. You were immune to level-drain. You were immune to sickness. You could fly. You could survive without air. You had a -1 damage penalty. You regenerated. Your luck was zero. You are dead. Vanquished creatures: a xan a wood golem a large cat 3 Grey-elves 4 giant beetles 2 quivering blobs a spotted jelly a leprechaun 2 black lights 2 forest centaurs 3 gnome kings a lizard a dwarf lord a plains centaur a snake 2 apes a fire ant 6 bugbears a rock mole 2 violet fungi 2 gnome lords 2 gnomish wizards a ghoul 2 straw golems a little dog 4 dwarves 3 kobold lords a rothe 3 orc zombies an iguana an acid blob a gas spore 2 hobbits 4 large kobolds 9 hobgoblins a yellow mold 2 red molds 14 gnomes 2 gnome zombies 4 geckos 6 jackals a kobold 7 goblins 2 bats 5 lichens 2 kobold zombies 2 newts 122 creatures vanquished. Voluntary challenges: You went without food. You never hit with a wielded weapon. You read items or engraved 4 times. You put on armor 12 times. You never genocided any monsters. You never polymorphed an object. You never changed form. You used no wishes. You abstained from Elbereth's help. You never encountered a bones level. You never used any Sokoban shortcuts. Dungeon overview: The Dungeons of Doom: levels 1 to 9 Level 1 a long staircase Level 2 some fountains Level 3 a fountain Level 4 a fountain stairs to The Gnomish Mines Level 5 a fountain Level 6 a delicatessen, a fountain Level 7 an altar Level 8 a fountain Level 9 <- You were here The Gnomish Mines: Level 5 stairs to The Dungeons of Doom History has recorded: On T:1 you entered the Dungeons of Doom to retrieve the Amulet of Yendor! On T:147 you advanced to experience level 2. On T:292 you reached level 2 of The Dungeons of Doom. On T:390 you advanced to experience level 3. On T:1076 you advanced to experience level 4. On T:1159 you reached level 3 of The Dungeons of Doom. On T:1316 you reached level 4 of The Dungeons of Doom. On T:1358 you advanced to experience level 5. On T:1561 you reached level 1 of The Gnomish Mines. On T:1612 you advanced to experience level 6. On T:2032 you reached level 5 of The Dungeons of Doom. On T:2189 you advanced to experience level 7. On T:2332 you reached level 6 of The Dungeons of Doom. On T:2676 you reached level 7 of The Dungeons of Doom. On T:2822 you advanced to experience level 8. On T:3191 you reached level 8 of The Dungeons of Doom. On T:3431 you reached level 9 of The Dungeons of Doom. On T:3616 you advanced to experience level 9. Latest messages: You hit the troll. You bite the troll. The troll hits! (2x) The troll bites! [HP-18=44] You hit the troll. You bite the troll. The troll hits! (2x) The troll misses. The bat just misses! [HP-11=33] You hit the troll. You bite the troll. You feed on the lifeblood. The troll suddenly seems weaker! The bat misses. The troll misses. The troll hits! The troll bites! [HP-14=19] The troll hits! (2x) The troll bites! You die... Final status: Goodbye Arrhythmia the Convict... You died in The Dungeons of Doom on dungeon level 9 with 8232 points, and 955 pieces of gold, after 3711 moves. You were level 9 with a maximum of 89 hit points when you died.